MLB
TORONTO BLUE JAYS @ NEW YORK YANKEES
08/28/2049
 
TOP OF THE 1ST
Toronto Blue Jays batting - Pitching for New York Yankees : RHP Andres Galindo
Pitching: RHP Andres Galindo
Batting: RHB Danny Burnside 0-0: Ball
1-0: Foul Ball, location: 2F
1-1: Foul Ball, location: 2F
1-2: Ball
2-2: Foul Ball, location: 2F
2-2: Ball
3-2: Foul Ball, location: 2F
3-2: Foul Ball, location: 2F
3-2: Base on Balls
Batting: RHB C.J. Richerson 0-0: SINGLE (Flyball, 8LS, EV 93.1 MPH)
Danny Burnside to second
Batting: SHB Matt Altieri 0-0: Called Strike
0-1: TRIPLE (Groundball, 5L, EV 108.1 MPH)
Danny Burnside scores
C.J. Richerson scores
Batting: SHB Jason Woods 0-0: Called Strike
0-1: Ball
1-1: Ball
2-1: Foul Ball, location: 2F
2-2: Foul Ball, location: 2F
2-2: Ball
3-2: Foul Ball, location: 2F
3-2: Strikes out swinging
Batting: SHB Dominik Hasek II 0-0: Fly out, F7 (Line Drive, 7S, EV 92.5 MPH)
Batting: RHB Butch Kaiser 0-0: Called Strike
0-1: Ball
1-1: Called Strike
1-2: Ball
2-2: Foul Ball, location: 2F
2-2: Ball
3-2: Strikes out looking
Top of the 1st over - 2 runs, 2 hits, 0 errors, 1 left on base; Toronto 2 - New York 0
BOTTOM OF THE 1ST
New York Yankees batting - Pitching for Toronto Blue Jays : RHP Tony Rios
Pitching: RHP Tony Rios
Batting: RHB Russ Shambaugh 0-0: Bunt for hit to 13 - play at first, batter OUT! 1-3
Batting: RHB Jeckel Hester 0-0: Swinging Strike
0-1: Foul Ball, location: 2F
0-2: Strikes out looking
Batting: SHB Bartholomeu Chambino 0-0: Called Strike
0-1: Ball
1-1: Ball
2-1: Foul Ball, location: 2F
2-2: Strikes out swinging
Bottom of the 1st over - 0 runs, 0 hits, 0 errors, 0 left on base; Toronto 2 - New York 0
TOP OF THE 2ND
Toronto Blue Jays batting - Pitching for New York Yankees : RHP Andres Galindo
Batting: RHB Steve Jordan 0-0: Ball
1-0: Called Strike
1-1: Ball
2-1: Called Strike
2-2: SOLO HOME RUN (Flyball, 8RXD, EV 108.1 MPH), Distance : 423 ft
Batting: RHB Brock Van Gilder 0-0: Ball
1-0: SINGLE (Groundball, 34D, EV 109.4 MPH)
Batting: LHB Michael Byrd 0-0: Called Strike
0-1: Ball
1-1: Called Strike
1-2: Ball
2-2: Ball
3-2: Ground out 4-3 (Groundball, 34, EV 88.1 MPH)
Brock Van Gilder to second
Batting: RHB Danny Burnside 0-0: SINGLE (Groundball, 4MD, EV 100.0 MPH)
Brock Van Gilder to third
Runner from 3rd tries for Home, SAFE, throw by CF to home
Batting: RHB C.J. Richerson 0-0: Called Strike
0-1: Ball
1-1: Ball
Danny Burnside steals 2nd base
2-1: Ball
3-1: Foul Ball, location: 2F
3-2: Foul Ball, location: 2F
3-2: Foul Ball, location: 2F
3-2: Fly out, F7 (Flyball, 7LMF, EV 105.6 MPH)
Batting: SHB Matt Altieri 0-0: Foul Ball, location: 2F
0-1: Swinging Strike
0-2: Strikes out swinging
Top of the 2nd over - 2 runs, 3 hits, 0 errors, 1 left on base; Toronto 4 - New York 0
BOTTOM OF THE 2ND
New York Yankees batting - Pitching for Toronto Blue Jays : RHP Tony Rios
Batting: SHB Gus Berry 0-0: Ball
1-0: Ball
2-0: Ball
3-0: Called Strike
3-1: Swinging Strike
3-2: Ground out 4-3 (Groundball, 4, EV 85.0 MPH)
Batting: RHB Adriaan Pieters 0-0: Foul Ball, location: 2F
0-1: Swinging Strike
0-2: Ball
1-2: Ball
2-2: Fly out, F8 (Flyball, 89S, EV 88.8 MPH)
Batting: SHB Mukhtar Wa'il 0-0: Hit by Pitch
Batting: RHB Shiro Suehiro 0-0: Called Strike
0-1: Called Strike
0-2: Ball
1-2: Ball
2-2: Ball
3-2: Foul Ball, location: 2F
3-2: Base on Balls
Mukhtar Wa'il to second
Batting: LHB Joel Vera 0-0: Called Strike
0-1: Ground out 6-3 (Groundball, 56, EV 101.9 MPH)
Bottom of the 2nd over - 0 runs, 0 hits, 0 errors, 2 left on base; Toronto 4 - New York 0
TOP OF THE 3RD
Toronto Blue Jays batting - Pitching for New York Yankees : RHP Andres Galindo
Batting: SHB Jason Woods 0-0: Foul Ball, location: 2F
0-1: Foul Ball, location: 2F
0-2: Ball
1-2: Foul Ball, location: 2F
1-2: Ground out 3-1 (Groundball, 34, EV 84.4 MPH)
Batting: SHB Dominik Hasek II 0-0: Called Strike
0-1: Ball
1-1: Ball
2-1: Foul Ball, location: 2F
2-2: Ball
3-2: Base on Balls
Batting: RHB Butch Kaiser 0-0: Foul Ball, location: 2F
0-1: Ball
1-1: Ball
Dominik Hasek II is caught stealing 2nd base 2-4
2-1: Called Strike
2-2: Foul Ball, location: 2F
2-2: Ball
3-2: Ground out U3 (Groundball, 3, EV 105.6 MPH)
Top of the 3rd over - 0 runs, 0 hits, 0 errors, 0 left on base; Toronto 4 - New York 0
BOTTOM OF THE 3RD
New York Yankees batting - Pitching for Toronto Blue Jays : RHP Tony Rios
Batting: LHB Dan Morris 0-0: Ball
1-0: Called Strike
1-1: Foul Ball, location: 2F
1-2: Ball
2-2: Ball
3-2: Foul Ball, location: 2F
3-2: Strikes out swinging
Batting: RHB Russ Shambaugh 0-0: Foul Ball, location: 2F
0-1: Ball
1-1: Foul Ball, location: 2F
1-2: Strikes out swinging
Batting: RHB Jeckel Hester 0-0: Called Strike
0-1: Called Strike
0-2: Ground out 5-3 (Groundball, 56, EV 100.0 MPH)
Bottom of the 3rd over - 0 runs, 0 hits, 0 errors, 0 left on base; Toronto 4 - New York 0
TOP OF THE 4TH
Toronto Blue Jays batting - Pitching for New York Yankees : RHP Andres Galindo
Batting: RHB Steve Jordan 0-0: Ball
1-0: Called Strike
1-1: Foul Ball, location: 2F
1-2: Ball
2-2: Ball
3-2: Ground out 6-3 (Groundball, 6, EV 106.9 MPH)
Batting: RHB Brock Van Gilder 0-0: Called Strike
0-1: Ball
1-1: Swinging Strike
1-2: Foul Ball, location: 2F
1-2: Ball
2-2: Strikes out swinging
Batting: LHB Michael Byrd 0-0: Ball
1-0: Foul Ball, location: 2F
1-1: Ball
2-1: Ball
3-1: Base on Balls
Batting: RHB Danny Burnside 0-0: Ball
1-0: Called Strike
1-1: Ball
2-1: Ground out 4-3 (Groundball, 4, EV 89.4 MPH)
Top of the 4th over - 0 runs, 0 hits, 0 errors, 1 left on base; Toronto 4 - New York 0
BOTTOM OF THE 4TH
New York Yankees batting - Pitching for Toronto Blue Jays : RHP Tony Rios
Batting: SHB Bartholomeu Chambino 0-0: Called Strike
0-1: Ball
1-1: Ball
2-1: Foul Ball, location: 2F
2-2: Strikes out swinging
Batting: SHB Gus Berry 0-0: Called Strike
0-1: Foul Ball, location: 2F
0-2: Foul Ball, location: 2F
0-2: Strikes out swinging
Batting: RHB Adriaan Pieters 0-0: Called Strike
0-1: Foul Ball, location: 2F
0-2: Ball
1-2: Foul Ball, location: 2F
1-2: Foul Ball, location: 2F
1-2: Ball
2-2: Fly out, F8 (Flyball, 8RD, EV 80.6 MPH)
Bottom of the 4th over - 0 runs, 0 hits, 0 errors, 0 left on base; Toronto 4 - New York 0
TOP OF THE 5TH
Toronto Blue Jays batting - Pitching for New York Yankees : RHP Andres Galindo
Batting: RHB C.J. Richerson 0-0: Foul Ball, location: 2F
0-1: SINGLE (Line Drive, 5D, EV 93.8 MPH)
Batting: SHB Matt Altieri 0-0: Called Strike
0-1: Foul Ball, location: 2F
0-2: Strikes out swinging
Pitching: RHP Chris McCoy
Batting: SHB Jason Woods 0-0: Swinging Strike
0-1: Called Strike
C.J. Richerson steals 2nd base
0-2: Ball
1-2: Strikes out looking
Batting: SHB Dominik Hasek II 0-0: Called Strike
0-1: Swinging Strike
0-2: Foul Ball, location: 2F
0-2: Ball
1-2: Ball
2-2: Foul Ball, location: 2F
2-2: Foul Ball, location: 2F
2-2: Foul Ball, location: 2F
2-2: Ground out 4-3 (Groundball, 4, EV 87.5 MPH)
Top of the 5th over - 0 runs, 1 hit, 0 errors, 1 left on base; Toronto 4 - New York 0
BOTTOM OF THE 5TH
New York Yankees batting - Pitching for Toronto Blue Jays : RHP Tony Rios
Batting: SHB Mukhtar Wa'il 0-0: Ball
1-0: Called Strike
1-1: Swinging Strike
1-2: Ball
2-2: Strikes out looking
Batting: RHB Shiro Suehiro 0-0: Ground out 4-3 (Groundball, 4, EV 107.5 MPH)
Batting: LHB Joel Vera 0-0: Fly out, F8 (Flyball, 8RD, EV 101.9 MPH)
Bottom of the 5th over - 0 runs, 0 hits, 0 errors, 0 left on base; Toronto 4 - New York 0
TOP OF THE 6TH
Toronto Blue Jays batting - Pitching for New York Yankees : RHP Chris McCoy
Batting: RHB Butch Kaiser 0-0: Ball
1-0: Fly out, F9 (Line Drive, 9S, EV 109.4 MPH)
Batting: RHB Steve Jordan 0-0: Ball
1-0: Ball
2-0: Ball
3-0: Called Strike
3-1: Foul Ball, location: 2F
3-2: Foul Ball, location: 2F
3-2: Foul Ball, location: 2F
3-2: Strikes out swinging
Batting: RHB Brock Van Gilder 0-0: Called Strike
0-1: Ball
1-1: Ball
2-1: Foul Ball, location: 2F
2-2: Foul Ball, location: 2F
2-2: Foul Ball, location: 2F
2-2: Ball
3-2: Fly out, F7 (Flyball, 78M, EV 89.4 MPH)
Top of the 6th over - 0 runs, 0 hits, 0 errors, 0 left on base; Toronto 4 - New York 0
BOTTOM OF THE 6TH
New York Yankees batting - Pitching for Toronto Blue Jays : RHP Tony Rios
Batting: LHB Dan Morris 0-0: Ball
1-0: Called Strike
1-1: Ball
2-1: Ball
3-1: Called Strike
3-2: Fly out, F9 (Flyball, 9, EV 93.1 MPH)
Batting: RHB Russ Shambaugh 0-0: Ball
1-0: Ball
2-0: Called Strike
2-1: Called Strike
2-2: Foul Ball, location: 2F
2-2: Foul Ball, location: 2F
2-2: Ball
3-2: Foul Ball, location: 2F
3-2: SINGLE (Groundball, 6D, EV 111.2 MPH)
Batting: RHB Jeckel Hester 0-0: Called Strike
0-1: Called Strike
0-2: Foul Ball, location: 2F
0-2: Fly out, F7 (Line Drive, 7, EV 98.1 MPH)
Batting: SHB Bartholomeu Chambino 0-0: Called Strike
0-1: Ball
1-1: Foul Ball, location: 2F
1-2: TRIPLE (Line Drive, 89XD, EV 101.2 MPH)
Russ Shambaugh scores
Batting: SHB Gus Berry 0-0: Swinging Strike
0-1: Ball
1-1: Foul Ball, location: 2F
1-2: Strikes out swinging
Bottom of the 6th over - 1 run, 2 hits, 0 errors, 1 left on base; Toronto 4 - New York 1
TOP OF THE 7TH
Toronto Blue Jays batting - Pitching for New York Yankees : RHP Chris McCoy
Pitching: RHP Tim Catalano
Batting: LHB Michael Byrd 0-0: Ball
1-0: Ground out 4-3 (Groundball, 34, EV 92.5 MPH)
Batting: RHB Danny Burnside 0-0: Ball
1-0: Ball
2-0: Called Strike
2-1: Called Strike
2-2: Ball
3-2: Foul Ball, location: 2F
3-2: Foul Ball, location: 2F
3-2: Foul Ball, location: 2F
3-2: Foul Ball, location: 2F
3-2: Strikes out swinging
Batting: RHB C.J. Richerson 0-0: Foul Ball, location: 2F
0-1: Ball
1-1: Ball
2-1: Foul Ball, location: 2F
2-2: Strikes out swinging
Top of the 7th over - 0 runs, 0 hits, 0 errors, 0 left on base; Toronto 4 - New York 1
BOTTOM OF THE 7TH
New York Yankees batting - Pitching for Toronto Blue Jays : RHP Tony Rios
Batting: RHB Adriaan Pieters 0-0: Ball
1-0: Foul Ball, location: 2F
1-1: Foul Ball, location: 2F
1-2: Strikes out swinging
Batting: SHB Mukhtar Wa'il 0-0: Ball
1-0: Called Strike
1-1: Foul Ball, location: 2F
1-2: Fly out, F7 (Flyball, 78M, EV 94.4 MPH)
Batting: RHB Shiro Suehiro 0-0: Ball
1-0: Ball
2-0: Fly out, F8 (Flyball, 8LS, EV 90.6 MPH)
Bottom of the 7th over - 0 runs, 0 hits, 0 errors, 0 left on base; Toronto 4 - New York 1
TOP OF THE 8TH
Toronto Blue Jays batting - Pitching for New York Yankees : RHP Tim Catalano
Pitching: LHP Robert Cruz
Batting: SHB Matt Altieri 0-0: Ball
1-0: SOLO HOME RUN (Flyball, 9D, EV 98.1 MPH), Distance : 376 ft
Batting: SHB Jason Woods 0-0: Called Strike
0-1: Swinging Strike
0-2: Ball
1-2: Strikes out swinging
Batting: SHB Dominik Hasek II 0-0: Ball
1-0: Ball
2-0: Called Strike
2-1: Ground out 6-3 (Groundball, 6, EV 109.4 MPH)
Batting: RHB Butch Kaiser 0-0: Ball
1-0: Called Strike
1-1: Foul Ball, location: 2F
1-2: Strikes out swinging
Top of the 8th over - 1 run, 1 hit, 0 errors, 0 left on base; Toronto 5 - New York 1
BOTTOM OF THE 8TH
New York Yankees batting - Pitching for Toronto Blue Jays : RHP Tony Rios
Pitching: LHP Tim Franco
Batting: LHB Joel Vera 0-0: Called Strike
0-1: Swinging Strike
0-2: Strikes out swinging
Batting: LHB Dan Morris 0-0: Called Strike
0-1: Ball
1-1: Ball
2-1: Called Strike
2-2: Strikes out looking
Batting: RHB Russ Shambaugh 0-0: Foul Ball, location: 2F
0-1: Called Strike
0-2: Foul Ball, location: 2F
0-2: Ball
1-2: Ball
2-2: Ball
3-2: Strikes out looking
Bottom of the 8th over - 0 runs, 0 hits, 0 errors, 0 left on base; Toronto 5 - New York 1
TOP OF THE 9TH
Toronto Blue Jays batting - Pitching for New York Yankees : LHP Robert Cruz
Pitching: RHP Mark Stafford
Batting: RHB Steve Jordan 0-0: Called Strike
0-1: Called Strike
0-2: Foul Ball, location: 2F
0-2: Foul Ball, location: 2F
0-2: Foul Ball, location: 2F
0-2: Strikes out swinging
Batting: RHB Brock Van Gilder 0-0: Ground out 4-3 (Groundball, 34, EV 105.0 MPH)
Batting: LHB Michael Byrd 0-0: Ball
1-0: Ball
2-0: Foul Ball, location: 2F
2-1: Called Strike
2-2: Ball
3-2: Base on Balls
Batting: RHB Danny Burnside 0-0: Ball
1-0: Called Strike
1-1: Foul Ball, location: 2F
1-2: SINGLE (Flyball, 56D, EV 93.1 MPH)
Michael Byrd to second
Batting: RHB C.J. Richerson 0-0: Ball
1-0: Ball
2-0: Called Strike
2-1: Ground out U3 (Groundball, 34, EV 104.4 MPH)
Top of the 9th over - 0 runs, 1 hit, 0 errors, 2 left on base; Toronto 5 - New York 1
BOTTOM OF THE 9TH
New York Yankees batting - Pitching for Toronto Blue Jays : LHP Tim Franco
Batting: RHB Jeckel Hester 0-0: Ball
1-0: Fly out, F8 (Line Drive, 78M, EV 95.0 MPH)
Batting: SHB Bartholomeu Chambino 0-0: Called Strike
0-1: Ball
1-1: Ball
2-1: Foul Ball, location: 2F
2-2: Ball
3-2: Strikes out looking
Batting: SHB Gus Berry 0-0: Called Strike
0-1: Ball
1-1: Ball
2-1: Ground out 5-3 (Groundball, 56S, EV 69.4 MPH)
Bottom of the 9th over - 0 runs, 0 hits, 0 errors, 0 left on base; Toronto 5 - New York 1
Sunday, July 16th , 2023 - OOTP Baseball 24.6 Build 69